APL (24 & UNDER)
SAVANNAH HOGS @ NASHUA REDLEGS
09/23/2026
 
TOP OF THE 1ST
Savannah Hogs batting - Pitching for Nashua Redlegs : LHP Joe Jenkins
Pitching: LHP Joe Jenkins
Batting: RHB Ernesto Gómez 0-0: Ball
1-0: Called Strike
1-1: Called Strike
1-2: Foul Ball, location: 2F
1-2: Ball
2-2: Strikes out swinging
Batting: RHB Sergio Moreno 0-0: Called Strike
0-1: Ball
1-1: Swinging Strike
1-2: Ball
2-2: Strikes out swinging
Batting: RHB Remi Eruzione 0-0: Ball
1-0: Fly out, F3 (Popup, 13)
Top of the 1st over - 0 run(s), 0 hit(s), 0 error(s), 0 left on base; Savannah 0 - Nashua 0
BOTTOM OF THE 1ST
Nashua Redlegs batting - Pitching for Savannah Hogs : RHP Nelson Cruz
Pitching: RHP Nelson Cruz
Batting: RHB Miguel González 0-0: Ball
1-0: Ground out 1-3 (Groundball, 15S)
Batting: LHB Tim Ramsey 0-0: Called Strike
0-1: Ball
1-1: Called Strike
1-2: Ball
2-2: Ground out 1-3 (Groundball, 25)
Batting: RHB Héctor Vázquez 0-0: Ball
1-0: Foul Ball, location: 2F
1-1: SINGLE (Line Drive, 6M)
Batting: LHB Bill McCraney 0-0: Ball
1-0: Swinging Strike
1-1: Ball
2-1: Swinging Strike
2-2: Ball
3-2: Base on Balls
Héctor Vázquez to second
Batting: SHB Ryan Holcomb 0-0: Ball
1-0: Ball
2-0: Ball
3-0: Called Strike
3-1: Foul Ball, location: 2F
3-2: SINGLE (Flyball, 7LS)
Héctor Vázquez to third
Bill McCraney to second
Héctor Vázquez scores
Bill McCraney to third
Batting: RHB Joe Noble 0-0: Ball
1-0: SINGLE (Groundball, 34D)
Bill McCraney scores
Ryan Holcomb to second
Runner from 2nd tries for 3rd, SAFE, throw made to third
Batting: RHB Spencer Pritchett 0-0: Ball
1-0: Ball
2-0: Ball
3-0: Called Strike
3-1: Fielders Choice at 2nd, U6 (Groundball, 6M)
Bottom of the 1st over - 2 run(s), 3 hit(s), 0 error(s), 2 left on base; Savannah 0 - Nashua 2
TOP OF THE 2ND
Savannah Hogs batting - Pitching for Nashua Redlegs : LHP Joe Jenkins
Batting: LHB Ramón Morales 0-0: Ball
1-0: Swinging Strike
1-1: Swinging Strike
1-2: Ball
2-2: Ball
3-2: Foul Ball, location: 2F
3-2: TRIPLE (Flyball, 89M)
Batting: RHB Anastasio Movonda 0-0: Ball
1-0: Swinging Strike
1-1: Called Strike
1-2: Strikes out swinging
Batting: LHB Ivan Costello 0-0: Ball
1-0: Ball
Passed Ball!
Ramón Morales scores
2-0: Called Strike
2-1: Ball
3-1: Called Strike
3-2: Strikes out looking
Batting: RHB Miguel Toro 0-0: Called Strike
0-1: Ball
1-1: Foul Ball, location: 2F
1-2: Strikes out swinging
Top of the 2nd over - 1 run(s), 1 hit(s), 0 error(s), 0 left on base; Savannah 1 - Nashua 2
BOTTOM OF THE 2ND
Nashua Redlegs batting - Pitching for Savannah Hogs : RHP Nelson Cruz
Batting: RHB Alan Evans 0-0: Foul Ball, location: 2F
0-1: Ball
1-1: Foul Ball, location: 2F
1-2: Ball
2-2: Strikes out swinging
Batting: SHB José Hernández 0-0: Called Strike
0-1: Foul Ball, location: 2F
0-2: Ball
1-2: DOUBLE (Flyball, 9LM)
Batting: RHB Miguel González 0-0: Called Strike
0-1: Ball
1-1: Foul Ball, location: 2F
1-2: Ball
2-2: Foul Ball, location: 2F
2-2: Foul Ball, location: 2F
2-2: Foul Ball, location: 2F
2-2: DOUBLE (Line Drive, 3D)
José Hernández scores
Batting: LHB Tim Ramsey 0-0: Swinging Strike
0-1: Called Strike
0-2: Ball
1-2: Ball
2-2: Ground out 2-3 (Groundball, 13S)
Miguel González to third
Batting: RHB Héctor Vázquez 0-0: Swinging Strike
0-1: Ground out 5-3 (Groundball, 5S)
Bottom of the 2nd over - 1 run(s), 2 hit(s), 0 error(s), 1 left on base; Savannah 1 - Nashua 3
TOP OF THE 3RD
Savannah Hogs batting - Pitching for Nashua Redlegs : LHP Joe Jenkins
Batting: RHB Júlio Peña 0-0: Ball
1-0: Ball
2-0: Foul Ball, location: 2F
2-1: Ball
3-1: Foul Ball, location: 2F
3-2: Foul Ball, location: 2F
3-2: Foul Ball, location: 2F
3-2: Foul Ball, location: 2F
3-2: Foul Ball, location: 2F
3-2: Strikes out looking
Batting: LHB Jim Clemente 0-0: Ball
1-0: Called Strike
1-1: Swinging Strike
1-2: Foul Ball, location: 2F
1-2: Ball
2-2: Ball
3-2: Strikes out swinging
Batting: RHB Ernesto Gómez 0-0: Swinging Strike
0-1: Foul Ball, location: 2F
0-2: Ball
1-2: Ball
2-2: Strikes out swinging
Top of the 3rd over - 0 run(s), 0 hit(s), 0 error(s), 0 left on base; Savannah 1 - Nashua 3
BOTTOM OF THE 3RD
Nashua Redlegs batting - Pitching for Savannah Hogs : RHP Nelson Cruz
Batting: LHB Bill McCraney 0-0: Called Strike
0-1: Ball
1-1: Ball
2-1: DOUBLE (Line Drive, 89D)
Batting: SHB Ryan Holcomb 0-0: DOUBLE (Line Drive, 5L)
Bill McCraney scores
Batting: RHB Joe Noble 0-0: Ball
1-0: Called Strike
1-1: Ball
2-1: Swinging Strike
2-2: Ground out 4-3 (Groundball, 4)
Ryan Holcomb to third
Batting: RHB Spencer Pritchett 0-0: Swinging Strike
0-1: Swinging Strike
0-2: Strikes out swinging
Batting: RHB Alan Evans 0-0: Called Strike
0-1: DOUBLE (Flyball, 7LM)
Ryan Holcomb scores
Batting: SHB José Hernández 0-0: Fly out, F9 (Line Drive, 9M)
Bottom of the 3rd over - 2 run(s), 3 hit(s), 0 error(s), 1 left on base; Savannah 1 - Nashua 5
TOP OF THE 4TH
Savannah Hogs batting - Pitching for Nashua Redlegs : LHP Joe Jenkins
Batting: RHB Sergio Moreno 0-0: Called Strike
0-1: Swinging Strike
0-2: Fly out, F8 (Flyball, 8LD)
Batting: RHB Remi Eruzione 0-0: Called Strike
0-1: Swinging Strike
0-2: Ball
1-2: Foul Ball, location: 2F
1-2: Foul Ball, location: 2F
1-2: Strikes out swinging
Batting: LHB Ramón Morales 0-0: Ball
1-0: Called Strike
1-1: Called Strike
1-2: Foul Ball, location: 2F
1-2: Foul Ball, location: 2F
1-2: Foul Ball, location: 2F
1-2: Ball
2-2: Foul Ball, location: 2F
2-2: Ball
3-2: Foul Ball, location: 2F
3-2: Foul Ball, location: 2F
3-2: Base on Balls
Batting: RHB Anastasio Movonda 0-0: Called Strike
0-1: Swinging Strike
0-2: Strikes out swinging
Top of the 4th over - 0 run(s), 0 hit(s), 0 error(s), 1 left on base; Savannah 1 - Nashua 5
BOTTOM OF THE 4TH
Nashua Redlegs batting - Pitching for Savannah Hogs : RHP Nelson Cruz
Batting: RHB Miguel González 0-0: Ball
1-0: Ball
2-0: Ball
3-0: Base on Balls
Batting: LHB Tim Ramsey 0-0: Foul Ball, location: 2F
0-1: Ball
1-1: Ball
2-1: Ball
3-1: Base on Balls
Miguel González to second
Batting: RHB Héctor Vázquez 0-0: Ground out 5-3 (Groundball, 5S)
Miguel González to third
Tim Ramsey to second
Batting: LHB Bill McCraney 0-0: Fly out, F8 (Flyball, 8LD)
Runner from 3rd tags up, SCORES, no throw
Batting: SHB Ryan Holcomb 0-0: Swinging Strike
0-1: Ground out 4-3 (Groundball, 4)
Bottom of the 4th over - 1 run(s), 0 hit(s), 0 error(s), 1 left on base; Savannah 1 - Nashua 6
TOP OF THE 5TH
Savannah Hogs batting - Pitching for Nashua Redlegs : LHP Joe Jenkins
Batting: LHB Ivan Costello 0-0: Ball
1-0: Fly out, F8 (Flyball, 8RXD)
Batting: RHB Miguel Toro 0-0: Foul Ball, location: 2F
0-1: Foul Ball, location: 2F
0-2: Foul Ball, location: 2F
0-2: Strikes out looking
Batting: RHB Júlio Peña 0-0: SINGLE (Groundball, 6MD)
Pitching: LHP Tomás Salgado
Batting: LHB Jim Clemente 0-0: Fly out, F4 (Popup, 4D)
Top of the 5th over - 0 run(s), 1 hit(s), 0 error(s), 1 left on base; Savannah 1 - Nashua 6
BOTTOM OF THE 5TH
Nashua Redlegs batting - Pitching for Savannah Hogs : RHP Nelson Cruz
Pitching: LHP Miguel Valentín
Batting: RHB Joe Noble 0-0: Ball
1-0: Called Strike
1-1: SINGLE (Groundball, 4MD) (infield hit)
Batting: RHB Spencer Pritchett 0-0: Ball
1-0: Ball
2-0: Ball
3-0: Called Strike
3-1: Base on Balls
Joe Noble to second
Batting: RHB Alan Evans 0-0: Swinging Strike
0-1: Swinging Strike
0-2: Foul Ball, location: 2F
0-2: Ball
1-2: Strikes out swinging
Batting: SHB José Hernández 0-0: Fielders Choice at 2nd, 1-4 (Groundball, 15)
Joe Noble to third
Batting: RHB Miguel González 0-0: Ball
1-0: Ball
2-0: Foul Ball, location: 2F
2-1: Called Strike
2-2: SINGLE (Line Drive, 56D)
Joe Noble scores
José Hernández to second
Batting: LHB Tim Ramsey 0-0: Swinging Strike
0-1: Ball
1-1: Ball
2-1: Ball
3-1: Fly out, F7 (Flyball, 78S)
Bottom of the 5th over - 1 run(s), 2 hit(s), 0 error(s), 2 left on base; Savannah 1 - Nashua 7
TOP OF THE 6TH
Savannah Hogs batting - Pitching for Nashua Redlegs : LHP Tomás Salgado
Batting: RHB Ernesto Gómez 0-0: Ball
1-0: Ball
2-0: Bunt missed!
2-1: Ball
3-1: Swinging Strike
3-2: Foul Ball, location: 2F
3-2: Strikes out swinging
Batting: RHB Sergio Moreno 0-0: Ground out 6-3 (Groundball, 6S)
Batting: RHB Remi Eruzione 0-0: Ground out 6-3 (Groundball, 6M)
Top of the 6th over - 0 run(s), 0 hit(s), 0 error(s), 0 left on base; Savannah 1 - Nashua 7
BOTTOM OF THE 6TH
Nashua Redlegs batting - Pitching for Savannah Hogs : LHP Miguel Valentín
Batting: RHB Héctor Vázquez 0-0: SOLO HOME RUN (Flyball, 7LD), Distance : 329 ft
Batting: LHB Bill McCraney 0-0: Ball
1-0: Ball
2-0: Ball
3-0: Base on Balls
Batting: SHB Ryan Holcomb 0-0: Ball
1-0: Fly out, F9 (Flyball, 9S)
Batting: RHB Joe Noble 0-0: Ball
1-0: Fly out, F8 (Flyball, 8LM)
Batting: RHB Spencer Pritchett 0-0: Called Strike
0-1: Ball
1-1: Swinging Strike
1-2: Strikes out looking
Bottom of the 6th over - 1 run(s), 1 hit(s), 0 error(s), 1 left on base; Savannah 1 - Nashua 8
TOP OF THE 7TH
Savannah Hogs batting - Pitching for Nashua Redlegs : LHP Tomás Salgado
Batting: LHB Ramón Morales 0-0: Called Strike
0-1: Ball
1-1: Called Strike
1-2: Ball
2-2: Foul Ball, location: 2F
2-2: Strikes out swinging
Batting: RHB Anastasio Movonda 0-0: Ball
1-0: Ball
2-0: Ball
3-0: Called Strike
3-1: Foul Ball, location: 2F
3-2: Base on Balls
Batting: LHB Ivan Costello 0-0: Called Strike
0-1: Foul Ball, location: 2F
0-2: Strikes out looking
Batting: RHB Miguel Toro 0-0: Ball
Anastasio Movonda steals 2nd base
1-0: SINGLE (Groundball, 4D)
Anastasio Movonda to third
Runner from 3rd tries for Home, SAFE, throw made home
Miguel Toro to second
Batting: RHB Júlio Peña 0-0: Called Strike
0-1: Ball
1-1: Ball
2-1: Ball
3-1: Called Strike
3-2: Foul Ball, location: 2F
3-2: Foul Ball, location: 2F
3-2: Base on Balls
Batting: LHB Jim Clemente 0-0: Called Strike
0-1: Called Strike
0-2: Ball
1-2: Ball
2-2: Strikes out swinging
Top of the 7th over - 1 run(s), 1 hit(s), 0 error(s), 2 left on base; Savannah 2 - Nashua 8
BOTTOM OF THE 7TH
Nashua Redlegs batting - Pitching for Savannah Hogs : LHP Miguel Valentín
Pitching: RHP José Gonzáles
Batting: RHB Alan Evans 0-0: Called Strike
0-1: Swinging Strike
0-2: TRIPLE (Flyball, 8RD)
Batting: SHB José Hernández 0-0: Foul Ball, location: 2F
0-1: Foul Ball, location: 2F
0-2: Fly out, F7 (Flyball, 7LM)
Runner from 3rd tags up, SCORES, no throw
Batting: RHB Miguel González 0-0: Called Strike
0-1: SINGLE (Groundball, 34D)
Batting: LHB Tim Ramsey 0-0: Fly out, F8 (Flyball, 78M)
Batting: RHB Héctor Vázquez 0-0: Ball
1-0: Ball
2-0: Called Strike
2-1: Ball
3-1: Foul Ball, location: 2F
3-2: Foul Ball, location: 2F
3-2: Foul Ball, location: 2F
3-2: Base on Balls
Miguel González to second
Batting: LHB Bill McCraney 0-0: Foul Ball, location: 2F
0-1: Ball
1-1: Ball
2-1: Called Strike
2-2: Ball
3-2: Base on Balls
Miguel González to third
Héctor Vázquez to second
Batting: SHB Ryan Holcomb 0-0: Called Strike
0-1: Swinging Strike
0-2: Strikes out swinging
Bottom of the 7th over - 1 run(s), 2 hit(s), 0 error(s), 3 left on base; Savannah 2 - Nashua 9
TOP OF THE 8TH
Savannah Hogs batting - Pitching for Nashua Redlegs : LHP Tomás Salgado
Pitching: RHP Carlos Rodríguez
Batting: RHB Ernesto Gómez 0-0: Called Strike
0-1: Ball
1-1: Called Strike
1-2: Ball
2-2: Strikes out swinging
Batting: RHB Sergio Moreno 0-0: Swinging Strike
0-1: SINGLE (Line Drive, 78S)
Batting: RHB Remi Eruzione 0-0: Ball
1-0: Called Strike
1-1: Called Strike
1-2: Foul Ball, location: 2F
1-2: Ball
2-2: Strikes out swinging
Batting: LHB Ramón Morales 0-0: Ball
1-0: Called Strike
1-1: Called Strike
1-2: Ball
2-2: Foul Ball, location: 2F
2-2: Ball
3-2: Strikes out swinging
Top of the 8th over - 0 run(s), 1 hit(s), 0 error(s), 1 left on base; Savannah 2 - Nashua 9
BOTTOM OF THE 8TH
Nashua Redlegs batting - Pitching for Savannah Hogs : RHP José Gonzáles
Batting: RHB Joe Noble 0-0: Ball
1-0: Called Strike
1-1: Ball
2-1: Swinging Strike
2-2: Foul Ball, location: 2F
2-2: Ball
3-2: Strikes out swinging
Pitching: RHP Álex Solano
Batting: RHB Spencer Pritchett 0-0: Called Strike
0-1: Ball
1-1: Ball
2-1: Foul Ball, location: 2F
2-2: Foul Ball, location: 2F
2-2: Foul Ball, location: 2F
2-2: Foul Ball, location: 2F
2-2: Foul Ball, location: 2F
2-2: Ball
3-2: Foul Ball, location: 2F
3-2: SINGLE (Line Drive, 6MD)
Batting: RHB Alan Evans 0-0: Called Strike
0-1: Foul Ball, location: 2F
0-2: Foul Ball, location: 2F
0-2: Strikes out swinging
Batting: SHB José Hernández 0-0: Ball
1-0: Ball
2-0: Called Strike
2-1: Fly out, F9 (Flyball, 89M)
Bottom of the 8th over - 0 run(s), 1 hit(s), 0 error(s), 1 left on base; Savannah 2 - Nashua 9
TOP OF THE 9TH
Savannah Hogs batting - Pitching for Nashua Redlegs : RHP Carlos Rodríguez
Batting: RHB Anastasio Movonda 0-0: Called Strike
0-1: Ball
1-1: Ball
2-1: Called Strike
2-2: Foul Ball, location: 2F
2-2: Strikes out looking
Batting: LHB Ivan Costello 0-0: Called Strike
0-1: SINGLE (Line Drive, 8RS)
Pinch Hitting: LHB Manny Hernández 0-0: Called Strike
0-1: Foul Ball, location: 2F
0-2: Foul Ball, location: 2F
0-2: DOUBLE (Groundball, 3L)
Ivan Costello to third
Pinch Runner at 2nd Juan Delgado:
Batting: RHB Júlio Peña 0-0: Called Strike
0-1: Ball
1-1: Swinging Strike
1-2: Strikes out looking
Batting: LHB Jim Clemente 0-0: SINGLE (Groundball, 13) (infield hit)
Ivan Costello scores
Juan Delgado to third
Batting: RHB Ernesto Gómez 0-0: Ball
1-0: SINGLE (Line Drive, 4D)
Juan Delgado scores
Jim Clemente to second
Pitching: LHP Jorge Melgaza
Batting: RHB Sergio Moreno 0-0: Ball
1-0: Called Strike
1-1: Ball
2-1: Ball
3-1: Swinging Strike
3-2: Ground out 1-3 (Groundball, 13)
Top of the 9th over - 2 run(s), 4 hit(s), 0 error(s), 2 left on base; Savannah 4 - Nashua 9
Monday, December 5th, 2016 - OOTP Baseball 17.12 Build 75